 Dungeon Crawl Stone Soup version 0.18.1-48-g4cf74bf (console) character file.

2291 Kloppie the Cudgeler (level 9, -3/87 HPs)
             Began as a Naga Berserker on June 29, 2016.
             Was an Elder of Trog.
             Slain by Dowan
             ... wielding a +1 dagger of distortion
              (20 damage)
             ... on level 7 of the Dungeon.
             The game lasted 00:13:51 (6663 turns).

Kloppie the Cudgeler (Naga Berserker)               Turns: 6663, Time: 00:13:52

Health: -3/87      AC: 10    Str: 20    XL:     9   Next: 40%
Magic:  9/9        EV: 19    Int:  7    God:    Trog [****..]
Gold:   39         SH:  0    Dex: 19    Spells: 0 memorised, 8 levels left

rFire  + . .     SeeInvis +     a - +1 mace
rCold  + . .     Gourm    .     d - +3 leather armour {rF+}
rNeg   + . .     Faith    .     (no shield)
rPois  +         Spirit   .     w - +0 helmet
rElec  .         Dismiss  .     j - +1 cloak
rCorr  .         Reflect  .     (no gloves)
SustAt .         Harm     .     (no barding)
MR     +....                    (no amulet)
Stlth  ++........               o - ring of protection from cold
                                g - ring of positive energy

@: agile, slowed, very slow, somewhat resistant to hostile enchantments,
unstealthy
A: see invisible, deformed body, poison resistance, slowness 2, slow metabolism
1, spit poison 2, AC +3
a: Spit Poison, Berserk, Trog's Hand, Brothers in Arms, Burn Spellbooks,
Renounce Religion


You were on level 7 of the Dungeon.
You worshipped Trog.
Trog was greatly pleased with you.
You were hungry.

You visited 1 branch of the dungeon, and saw 7 of its levels.

You collected 207 gold pieces.
You spent 168 gold pieces at shops.

Inventory:

Hand Weapons
 a - a +1 mace (weapon)
Armour
 d - a +3 leather armour of fire resistance (worn)
 j - a +1 cloak (worn)
 w - a +0 helmet (worn)
Jewellery
 g - a ring of positive energy (left hand)
 o - a ring of protection from cold (right hand)
 s - an uncursed ring of positive energy
Wands
 f - a wand of flame (28/48)
 A - a wand of enslavement (11/24)
Scrolls
 b - a scroll of recharging
 l - 3 scrolls of remove curse
 q - a scroll of enchant armour
 u - 2 scrolls of immolation
Potions
 e - a potion of haste
 h - a potion of curing
 i - a potion of agility
 n - a potion of flight
 p - a potion of lignification {unknown}
 t - a potion of heal wounds {unknown}
 v - a potion of magic {unknown}
 z - a potion of brilliance {unknown}
 C - a potion of degeneration {unknown}
 D - a potion of might {unknown}
 I - a potion of mutation {unknown}
Comestibles
 c - 7 bread rations
 k - 3 beef jerkies
 r - 3 meat rations
 B - 2 fruits
 J - 2 royal jellies


   Skills:
 + Level 7.7 Fighting
 + Level 7.8 Maces & Flails
 - Level 1.5 Armour
 + Level 6.0 Dodging


You had 8 spell levels left.
You didn't know any spells.

Dungeon Overview and Level Annotations

Branches:
Dungeon (7/15)             Temple (0/1) D:6

Altars:
Dithmenos
Kikubaaqudgha
Sif Muna
Vehumet
Zin

Shops:
D:6 [

Annotations:
D:7 Dowan


Innate Abilities, Weirdness & Mutations

You cannot wear boots.
Your serpentine skin is tough (AC +3).
You have supernaturally acute eyesight.
Armour fits poorly on your strangely shaped body.
Your system is resistant to poisons.
You cover ground very slowly.
You have a slow metabolism.
You can spit poison.


Message History

Dowan mumbles some strange words.
Dowan blinks!
The jackal zombie barely misses you.
You continue eating.
The jackal zombie bites you but does no damage.
The jackal zombie completely misses you.
You continue eating.
The jackal zombie completely misses you.
The jackal zombie closely misses you.
The orc priest miscasts a cantrip.
You hit Dowan but do no damage.
Dowan is lightly wounded.
You feel less exhausted.
Dowan hits you with a dagger of distortion.
* * * LOW HITPOINT WARNING * * *
Space bends around you.
* * * LOW HITPOINT WARNING * * *
The jackal zombie completely misses you.
The sky beast flickers out of sight for a moment.
Dowan hits you but does no damage. Space warps horribly around you!
You die...

#......###......##..........
#.####..#..................#
#...................)......#
######..#####.#.##.<.).....#
#..# #. #(#.)...#.#
#..#####.# #.##...##.#
#........# ######.....
######..####### .####
#.........e@.# # .#
#.#.....####Z##.##
#.##..###.Yo#..### #.
#.............o #
#.####...##.#.# #.# ##.## ..
#.# #.# [# #.#.##.#####.# #
#.......)....#


You could see a sky beast (invisible), Dowan, an orc priest and a jackal zombie.

Vanquished Creatures
  Eustachio (D:4)
  A hippogriff (D:7)
  Menkaure (D:4)
  Duvessa (D:7)
  2 ice beasts (D:6)
  A sky beast (D:5)
  An orc warrior (D:6)
  A black bear (D:5)
  A necrophage (D:6)
  2 phantoms (D:5)
  2 ogres
  2 centaurs
  A big kobold (D:6)
  2 scorpions
  2 crimson imps (D:6)
  2 orc priests
  A centaur skeleton (D:5)
  2 orc wizards
  A giant frog skeleton (D:4)
  Jessica (D:2)
  3 worker ants
  A hound zombie (D:7)
  Robin (D:3)
  8 adders
  A shadow imp (D:5)
  An ooze (D:1)
  4 worms
  3 dart slugs
  5 giant geckos
  19 orcs
  A ball python (D:2)
  7 giant cockroaches
  16 goblins
  11 hobgoblins
  16 kobolds
  3 quokkas
  6 bats
  2 giant gecko zombies (D:5)
  3 giant newts (D:2)
  A quokka zombie (D:5)
  5 rats
145 creatures vanquished.

Notes
Turn   | Place    | Note
--------------------------------------------------------------
     0 | D:1      | Kloppie the Naga Berserker began the quest for the Orb.
     0 | D:1      | Reached XP level 1. HP: 21/21 MP: 1/1
   113 | D:1      | Reached XP level 2. HP: 22/28 MP: 2/2
   768 | D:1      | Reached XP level 3. HP: 34/34 MP: 3/3
   978 | D:2      | Reached ** piety under Trog
  1127 | D:2      | Noticed Jessica
  1142 | D:2      | Killed Jessica
  1142 | D:2      | Reached XP level 4. HP: 21/43 MP: 4/4
  1844 | D:2      | Found a deep blue altar of Sif Muna.
  2045 | D:3      | You fall through a shaft for 3 floors!
  2213 | D:6      | Reached XP level 5. HP: 41/50 MP: 5/5
  2610 | D:6      | Noticed an orc warrior
  2623 | D:6      | Killed an orc warrior
  2623 | D:6      | Reached XP level 6. HP: 33/58 MP: 6/6
  2630 | D:6      | Reached skill level 5 in Maces & Flails
  2886 | D:6      | Noticed an ice beast
  2902 | D:6      | Killed an ice beast
  2902 | D:6      | Reached skill level 5 in Fighting
  2902 | D:6      | Reached XP level 7. HP: 65/67 MP: 7/7
  3028 | D:5      | Entered Level 5 of the Dungeon
  3055 | D:4      | Noticed Eustachio
  3085 | D:4      | HP: 4/100 [ogre/giant club (15)]
  3091 | D:4      | HP: 4/100 [quasit[Eustachio] (1)]
  3095 | D:4      | HP: 1/100 [crimson imp[Eustachio] (3)]
  3140 | D:4      | Killed Eustachio
  3438 | D:4      | Found an ancient bone altar of Kikubaaqudgha.
  3883 | D:3      | Reached *** piety under Trog
  3904 | D:3      | Reached XP level 8. HP: 73/76 MP: 8/8
  3942 | D:3      | Noticed Robin
  3959 | D:3      | Killed Robin
  4688 | D:4      | Noticed Menkaure
  4701 | D:4      | Killed Menkaure
  4788 | D:4      | Found a radiant altar of Vehumet.
  5313 | D:5      | Reached skill level 5 in Dodging
  5487 | D:5      | Found a glowing silver altar of Zin.
  5914 | D:6      | Found Xiuteix's Antique Armour Shop.
  5924 | D:6      | Bought a faintly glowing leather armour for 168 gold pieces
  5934 | D:6      | Identified the +1 leather armour of the Dungeon {rF- Regen+ SInv} (You bought it in a shop on level 6 of the Dungeon)
  6011 | D:6      | Reached XP level 9. HP: 54/86 MP: 9/9
  6094 | D:6      | Found a staircase to the Ecumenical Temple.
  6487 | D:7      | Reached **** piety under Trog
  6509 | D:7      | Found a shadowy altar of Dithmenos.
  6625 | D:7      | Noticed Duvessa
  6625 | D:7      | Noticed Dowan
  6636 | D:7      | Killed Duvessa
  6663 | D:7      | Slain by Dowan

Skill      XL: |  1  2  3  4  5  6  7  8  9 |
---------------+----------------------------+-----
Dodging        | 2 3 4 5 6 |  6.0
Maces & Flails | 4 5 6 7 |  7.8
Fighting       | 4 5 7 |  7.7
Armour         | |  1.5

Action                   |  1- 3 |  4- 6 |  7- 9 || total
-------------------------+-------+-------+-------++-------
Melee: Mace              |    95 |   170 |   531 ||   796
Invok: Berserk           |       |     5 |     4 ||     9
       Trog's Hand       |       |     2 |     4 ||     6
 Abil: Spit Poison       |     2 |     2 |     2 ||     6
  Use: Scroll            |       |       |    19 ||    19
       Potion            |       |       |     4 ||     4
 Stab: Invisible         |       |       |     4 ||     4
       Distracted        |       |       |     1 ||     1
  Eat: Chunk             |       |     9 |     7 ||    16
       Bread ration      |       |       |     1 ||     1
       Meat ration       |       |       |     1 ||     1
Armor: Ring mail         |    40 |    41 |       ||    81
       Scale mail        |       |    30 |    68 ||    98
       Leather armour    |       |       |   212 ||   212
Dodge: Dodged            |    50 |   102 |   394 ||   546
